[ AOE2 MATCH · #461475868 ]
1v1 RMFranks vs Tatars
Player's team · WIN
Rival team · LOSS
[ REPLAY ANALYSIS · EXTRACTED FROM THE RECORDED GAME ]
Feudal
8:53
Castle
21:08
Imperial
38:21
| APM avg | 66.8 |
| APM peak | 108 |
| eAPM avg | 35.5 |
| Villagers / military | 204 / 417 |
Focus
⚔️ 53.9% · 🌾 46.1%
Knight ×204 · Skirmisher ×171 · Scout Cavalry ×15 · Spearman ×11 · Mangonel ×4 · Throwing Axeman ×4
Feudal
9:16
Castle
19:33
Imperial
37:59
| APM avg | 60.4 |
| APM peak | 117 |
| eAPM avg | 27.5 |
| Villagers / military | 174 / 93 |
Focus
⚔️ 33.3% · 🌾 66.7%
Cavalry Archer ×65 · Spearman ×6 · Trebuchet (Packed) ×6 · Mangonel ×5 · Scout Cavalry ×5 · Keshik ×4
Match map
Initial resources + every placement click. Lines = walls · curves = elevation contours. ◆ gold · ⬟ stone · ● berries · ✦ relic · ◌ wall gap
Your base· ✓ Closed at 21:08 · 45t walls · 1 gate(s)
MuzioOo's base· Open — opponent sealed themselves in
Smoothed initial terrain · ◌ = detected wall gap · hover for details
Inputs per minute
— Cradle - - MuzioOo
Build order — Cradle
First 150 of 845 actions detected
| 0:00 | Create | Villager (Male) |
| 0:00 | Create | Villager (Male) |
| 0:01 | Create | Villager (Male) |
| 0:02 | Build | House |
| 0:02 | Build | House |
| 0:13 | Create | Villager (Male) |
| 1:24 | Create | Villager (Male) |
| 1:56 | Create | Villager (Male) |
| 2:08 | Build | Lumber Camp |
| 2:14 | Create | Villager (Male) |
| 2:25 | Create | Villager (Male) |
| 2:57 | Create | Villager (Male) |
| 3:42 | Create | Villager (Male) |
| 3:56 | Build | House |
| 4:01 | Create | Villager (Male) |
| 4:15 | Create | Villager (Male) |
| 4:25 | Create | Villager (Male) |
| 4:37 | Build | Mill |
| 4:53 | Create | Villager (Male) |
| 4:53 | Create | Villager (Male) |
| 5:29 | Create | Villager (Male) |
| 5:32 | Create | Villager (Male) |
| 5:33 | Research | Loom |
| 6:43 | Research | Feudal Age |
| 7:20 | Build | Lumber Camp |
| 7:42 | Build | House |
| 7:58 | Create | Villager (Male) |
| 8:04 | Build | Barracks |
| 8:11 | Build | Palisade Wall |
| 8:14 | Build | Palisade Wall |
| 8:53 | Age | Feudal Age |
| 9:04 | Create | Spearman |
| 9:08 | Build | Stable |
| 9:20 | Create | Villager (Male) |
| 9:22 | Create | Villager (Male) |
| 9:23 | Research | Double-Bit Axe |
| 9:47 | Create | Spearman |
| 9:51 | Build | House |
| 9:54 | Create | Scout Cavalry |
| 9:54 | Create | Scout Cavalry |
| 9:54 | Create | Scout Cavalry |
| 10:12 | Build | House |
| 10:23 | Build | Farm |
| 10:23 | Create | Villager (Male) |
| 10:23 | Create | Villager (Male) |
| 10:28 | Build | House |
| 11:00 | Create | Villager (Male) |
| 11:02 | Build | House |
| 11:06 | Build | Palisade Wall |
| 11:06 | Create | Villager (Male) |
| 11:19 | Create | Villager (Male) |
| 11:23 | Build | Farm |
| 11:25 | Build | Farm |
| 11:35 | Create | Scout Cavalry |
| 11:48 | Create | Villager (Male) |
| 11:50 | Build | Farm |
| 11:52 | Build | Farm |
| 11:53 | Build | Farm |
| 12:08 | Build | Farm |
| 12:08 | Create | Villager (Male) |
| 12:26 | Build | Palisade Wall |
| 12:27 | Create | Villager (Male) |
| 12:32 | Build | House |
| 12:32 | Create | Villager (Male) |
| 12:36 | Build | Farm |
| 12:38 | Build | Farm |
| 12:43 | Create | Scout Cavalry |
| 12:43 | Create | Scout Cavalry |
| 12:43 | Create | Scout Cavalry |
| 12:43 | Create | Scout Cavalry |
| 12:54 | Create | Villager (Male) |
| 12:56 | Build | Farm |
| 12:57 | Create | Villager (Male) |
| 13:06 | Create | Villager (Male) |
| 13:14 | Build | House |
| 13:15 | Build | Palisade Wall |
| 13:21 | Build | Palisade Wall |
| 13:30 | Build | Farm |
| 13:31 | Create | Villager (Male) |
| 13:31 | Create | Villager (Male) |
| 13:31 | Create | Villager (Male) |
| 13:51 | Create | Villager (Male) |
| 13:56 | Build | Mining Camp |
| 14:09 | Create | Villager (Male) |
| 14:21 | Create | Villager (Male) |
| 14:29 | Build | House |
| 14:38 | Create | Scout Cavalry |
| 14:38 | Create | Scout Cavalry |
| 14:38 | Create | Scout Cavalry |
| 14:38 | Create | Scout Cavalry |
| 14:38 | Create | Scout Cavalry |
| 14:38 | Create | Scout Cavalry |
| 14:42 | Build | Farm |
| 14:44 | Build | Farm |
| 14:44 | Create | Villager (Male) |
| 15:01 | Build | Palisade Wall |
| 15:03 | Create | Spearman |
| 15:16 | Build | Farm |
| 15:24 | Create | Spearman |
| 15:36 | Create | Villager (Male) |
| 15:42 | Create | Spearman |
| 15:44 | Build | House |
| 15:51 | Create | Villager (Male) |
| 16:14 | Create | Spearman |
| 16:23 | Create | Villager (Male) |
| 16:26 | Research | Wheelbarrow |
| 16:28 | Build | Market |
| 16:36 | Build | Palisade Wall |
| 16:41 | Build | Blacksmith |
| 16:45 | Create | Villager (Male) |
| 16:48 | Create | Villager (Male) |
| 16:51 | Create | Scout Cavalry |
| 17:11 | Build | House |
| 17:17 | Build | Palisade Gate |
| 17:20 | Build | House |
| 17:39 | Build | Palisade Wall |
| 17:51 | Build | Farm |
| 17:53 | Build | Farm |
| 17:59 | Build | Farm |
| 18:28 | Research | Castle Age |
| 18:55 | Build | Archery Range |
| 18:59 | Research | Gold Mining |
| 19:32 | Research | Fletching |
| 20:05 | Build | Farm |
| 20:06 | Create | Skirmisher |
| 20:07 | Create | Skirmisher |
| 20:09 | Research | Padded Archer Armor |
| 20:20 | Create | Villager (Male) |
| 20:30 | Create | Skirmisher |
| 20:43 | Create | Skirmisher |
| 20:46 | Build | Archery Range |
| 21:08 | Age | Castle Age |
| 21:15 | Build | Town Center |
| 21:17 | Research | Bow Saw |
| 21:17 | Create | Villager (Male) |
| 21:20 | Build | Town Center |
| 21:22 | Create | Villager (Male) |
| 21:25 | Research | Bodkin Arrow |
| 21:31 | Create | Skirmisher |
| 21:34 | Create | Villager (Male) |
| 21:43 | Create | Skirmisher |
| 22:01 | Create | Villager (Male) |
| 22:04 | Create | Villager (Male) |
| 22:06 | Create | Knight |
| 22:06 | Create | Knight |
| 22:06 | Create | Knight |
| 22:06 | Create | Knight |
| 22:06 | Create | Knight |
| 22:06 | Create | Knight |
| 22:06 | Create | Knight |
Build order — MuzioOo
First 150 of 456 actions detected
| 0:00 | Create | Villager (Male) |
| 0:01 | Build | House |
| 0:02 | Build | House |
| 0:12 | Create | Villager (Male) |
| 0:12 | Create | Villager (Male) |
| 0:12 | Create | Villager (Male) |
| 1:27 | Create | Villager (Male) |
| 1:27 | Create | Villager (Male) |
| 1:48 | Build | Lumber Camp |
| 1:52 | Create | Villager (Male) |
| 1:53 | Create | Villager (Male) |
| 2:19 | Create | Villager (Male) |
| 2:48 | Create | Villager (Male) |
| 2:53 | Create | Villager (Male) |
| 2:53 | Create | Villager (Male) |
| 3:27 | Create | Villager (Male) |
| 3:47 | Build | House |
| 4:00 | Create | Villager (Male) |
| 4:30 | Create | Villager (Male) |
| 4:50 | Create | Villager (Male) |
| 4:58 | Create | Villager (Male) |
| 4:59 | Create | Villager (Male) |
| 5:14 | Create | Villager (Male) |
| 5:57 | Build | Mill |
| 6:04 | Create | Villager (Male) |
| 6:34 | Research | Loom |
| 6:42 | Build | House |
| 7:01 | Research | Feudal Age |
| 7:40 | Build | Barracks |
| 8:04 | Create | Villager (Male) |
| 8:10 | Build | Palisade Wall |
| 8:33 | Build | Palisade Wall |
| 8:34 | Build | Palisade Wall |
| 8:48 | Create | Villager (Male) |
| 9:16 | Age | Feudal Age |
| 9:17 | Build | Stable |
| 9:17 | Create | Spearman |
| 9:34 | Research | Double-Bit Axe |
| 9:34 | Research | Double-Bit Axe |
| 9:37 | Build | Palisade Wall |
| 9:40 | Create | Villager (Male) |
| 9:48 | Build | House |
| 10:03 | Research | Horse Collar |
| 10:03 | Research | Horse Collar |
| 10:05 | Build | House |
| 10:13 | Create | Scout Cavalry |
| 10:14 | Create | Scout Cavalry |
| 10:14 | Create | Spearman |
| 10:19 | Create | Villager (Male) |
| 10:22 | Build | House |
| 10:36 | Create | Villager (Male) |
| 10:43 | Create | Scout Cavalry |
| 11:01 | Build | House |
| 11:02 | Build | Palisade Wall |
| 11:06 | Build | Farm |
| 11:09 | Create | Villager (Male) |
| 11:29 | Create | Villager (Male) |
| 11:36 | Create | Villager (Male) |
| 11:38 | Build | Farm |
| 11:40 | Build | Farm |
| 11:49 | Build | Farm |
| 11:50 | Create | Villager (Male) |
| 12:05 | Create | Spearman |
| 12:25 | Create | Villager (Male) |
| 12:33 | Create | Scout Cavalry |
| 12:36 | Build | Farm |
| 12:37 | Build | Farm |
| 12:40 | Create | Villager (Male) |
| 12:43 | Build | Farm |
| 12:53 | Create | Villager (Male) |
| 12:54 | Build | Farm |
| 12:58 | Build | Farm |
| 13:00 | Build | Farm |
| 13:17 | Build | Farm |
| 13:24 | Create | Scout Cavalry |
| 13:29 | Build | Farm |
| 13:29 | Create | Villager (Male) |
| 13:43 | Create | Villager (Male) |
| 13:45 | Build | Farm |
| 13:48 | Build | House |
| 14:33 | Create | Spearman |
| 14:39 | Build | Blacksmith |
| 14:46 | Build | Mining Camp |
| 14:51 | Create | Villager (Male) |
| 15:01 | Build | House |
| 15:03 | Build | House |
| 15:19 | Create | Villager (Male) |
| 15:24 | Build | House |
| 15:46 | Create | Villager (Male) |
| 15:55 | Build | Archery Range |
| 16:48 | Build | Lumber Camp |
| 16:53 | Research | Castle Age |
| 16:53 | Research | Castle Age |
| 17:22 | Build | Lumber Camp |
| 17:46 | Build | Archery Range |
| 18:10 | Research | Bloodlines |
| 18:11 | Research | Bloodlines |
| 18:22 | Create | Spearman |
| 18:22 | Create | Spearman |
| 18:32 | Build | Palisade Wall |
| 19:32 | Create | Villager (Male) |
| 19:33 | Age | Castle Age |
| 19:35 | Create | Cavalry Archer |
| 19:36 | Create | Cavalry Archer |
| 19:38 | Research | Fletching |
| 19:40 | Build | Town Center |
| 19:49 | Research | Bow Saw |
| 20:04 | Create | Villager (Male) |
| 20:18 | Build | Town Center |
| 20:20 | Create | Villager (Male) |
| 20:32 | Create | Villager (Male) |
| 20:40 | Create | Villager (Male) |
| 20:40 | Create | Villager (Male) |
| 20:42 | Create | Cavalry Archer |
| 20:43 | Create | Cavalry Archer |
| 20:51 | Build | Farm |
| 20:55 | Create | Villager (Male) |
| 21:02 | Build | House |
| 21:03 | Build | House |
| 21:05 | Build | Palisade Wall |
| 21:20 | Create | Villager (Male) |
| 21:20 | Create | Villager (Male) |
| 21:21 | Create | Villager (Male) |
| 21:26 | Build | House |
| 21:35 | Create | Villager (Male) |
| 21:35 | Create | Villager (Male) |
| 21:45 | Create | Villager (Male) |
| 21:53 | Create | Villager (Male) |
| 22:05 | Create | Villager (Male) |
| 22:12 | Build | Farm |
| 22:13 | Create | Villager (Male) |
| 22:17 | Build | Farm |
| 22:20 | Build | Farm |
| 22:21 | Build | Farm |
| 22:35 | Create | Villager (Male) |
| 22:35 | Create | Villager (Male) |
| 22:40 | Build | House |
| 22:44 | Build | Farm |
| 22:47 | Create | Villager (Male) |
| 22:47 | Create | Villager (Male) |
| 22:47 | Create | Villager (Male) |
| 22:59 | Build | Palisade Gate |
| 23:04 | Create | Villager (Male) |
| 23:04 | Create | Villager (Male) |
| 23:04 | Create | Villager (Male) |
| 23:10 | Create | Cavalry Archer |
| 23:11 | Create | Cavalry Archer |
| 23:17 | Research | Wheelbarrow |
| 23:17 | Research | Wheelbarrow |
| 23:23 | Build | Farm |
Match timeline
| 7:40 | MuzioOo · first_building Barracks |
| 8:04 | Cradle · first_building Barracks |
| 8:10 | MuzioOo · wall_segment Palisade Wall x8 |
| 8:11 | Cradle · wall_segment Palisade Wall x4 |
| 8:14 | Cradle · wall_segment Palisade Wall x3 |
| 8:33 | MuzioOo · wall_segment Palisade Wall x1 |
| 8:34 | MuzioOo · wall_segment Palisade Wall x1 |
| 8:53 | Cradle · age_up feudal |
| 9:08 | Cradle · first_building Stable |
| 9:16 | MuzioOo · age_up feudal |
| 9:17 | MuzioOo · first_building Stable |
| 9:37 | MuzioOo · wall_segment Palisade Wall x1 |
| 11:02 | MuzioOo · wall_segment Palisade Wall x1 |
| 11:06 | Cradle · wall_segment Palisade Wall x7 |
| 12:26 | Cradle · wall_segment Palisade Wall x1 |
| 13:15 | Cradle · wall_segment Palisade Wall x13 |
| 13:21 | Cradle · wall_segment Palisade Wall x12 |
| 15:01 | Cradle · wall_segment Palisade Wall x8 |
| 15:55 | MuzioOo · first_building Archery Range |
| 16:36 | Cradle · wall_segment Palisade Wall x1 |
| 17:39 | Cradle · wall_segment Palisade Wall x1 |
| 18:06 | Cradle · first_market_buy 100 food |
| 18:07 | Cradle · first_market_sell 100 wood |
| 18:32 | MuzioOo · wall_segment Palisade Wall x1 |
| 18:55 | Cradle · first_building Archery Range |
| 19:33 | MuzioOo · age_up castle |
| 21:05 | MuzioOo · wall_segment Palisade Wall x1 |
| 21:08 | Cradle · age_up castle |
| 23:44 | MuzioOo · first_building Monastery |
| 24:24 | MuzioOo · first_building Siege Workshop |
| 29:24 | Cradle · first_building Siege Workshop |
| 31:21 | MuzioOo · first_building Castle |
| 32:31 | Cradle · first_building Monastery |
| 34:00 | Cradle · first_building Castle |
| 36:10 | MuzioOo · wall_segment Palisade Wall x1 |
| 37:59 | MuzioOo · age_up imperial |
| 38:21 | Cradle · age_up imperial |
| 43:07 | MuzioOo · first_market_buy 500 stone |
| 45:01 | MuzioOo · first_market_sell 500 food |
| 45:10 | MuzioOo · resign |
[ AI ANALYSIS · 1 CREDIT ]
What really happened in this match?
Wolo.gg analyzes every decision: build order, eco, micro, common mistakes by bracket. Personalized analysis on WhatsApp or Discord in 30 seconds.
Civ guide
Franks
Map guide
Arabia
Perfil
Cradle